 Dungeon Crawl Stone Soup version 0.28-a0-1033-g1a2f33fa85 (webtiles) character file.

Game seed: 205417492863687645

35 siradein the Skirmisher (level 3, -2/33 HPs)
             Began as a Draconian Fighter on Dec 7, 2021.
             Succumbed to Sigmund's poison
             ... on level 2 of the Dungeon.
             The game lasted 00:01:51 (1083 turns).

siradein the Skirmisher (Draconian Fighter)         Turns: 1083, Time: 00:01:52

Health: -2/33      AC:  6    Str: 20    XL:     3   Next: 17%
Magic:  2/3        EV: 12    Int:  8    God:
Gold:   69         SH:  4    Dex: 10    Spells: 2/2 levels left

rFire   . . .      SeeInvis .   a - +0 flail
rCold   . . .      Faith    .   b - +0 buckler
rNeg    . . .      Spirit   +   (armour unavailable)
rPois   .          Reflect  .   (helmet restricted)
rElec   .          Harm     .   (no cloak)
rCorr   .          Rampage  .   (no gloves)
Will    .....                   i - +0 pair of boots
Stlth   +.........              d - amulet of guardian spirit
HPRegen 0.11/turn               (no ring)
MPRegen 0.08/turn               (no ring)

@: mighty, lethally poisoned (-2 -> -20)
A: AC +5, unfitting armour, cold-blooded
a: no special abilities


You were on level 2 of the Dungeon.
You visited 1 branch of the dungeon, and saw 2 of its levels.

You collected 69 gold pieces.

Inventory:

Hand Weapons
 a - a +0 flail (weapon)
Armour
 b - a +0 buckler (worn)
 i - a +0 pair of boots (worn)
Jewellery
 d - an amulet of guardian spirit (around neck)
Scrolls
 e - a scroll of fear {unknown}
 f - 2 scrolls of identify {unknown}
Potions
 c - 2 potions of might
 g - 2 potions of attraction {unknown}
 h - 2 potions of degeneration {unknown}


   Skills:
 + Level 3.7 Fighting
 + Level 2.5 Maces & Flails
 + Level 3.0 Dodging
 + Level 3.3 Shields


You had 2 spell levels left.
You didn't know any spells.
Your spell library contained the following spells:

 Spells                   Type           Power      Damage    Failure   Level
 Blade Hands              Tmut           0%         N/A       100%        5
 Iron Shot                Conj/Erth      0%         9d1       100%        6
 Animate Armour           Summ/Erth      Unusable   N/A       N/A         4

Dungeon Overview and Level Annotations

Branches:
Dungeon (2/15)

Altars:

Shops:
D:2 (

Annotations:
D:2 Sigmund


Innate Abilities, Weirdness & Mutations

Your plain brown scales are hard. (AC +5)
You cannot fit into any form of body armour.
You are cold-blooded and may be slowed by cold attacks.


Message History

You hit the ball python. You tail-slap the ball python.
You kill the ball python!
No target in view!
No target in view!
You start putting on your armour.
You continue putting on your +0 pair of boots. x4
You finish putting on your +0 pair of boots.
You see here a ball python corpse.
You now have 40 gold pieces (gained 10).
Found a stone staircase leading up.
You now have 49 gold pieces (gained 9).
There is a stone staircase leading up here.
You open the door.
There is an open door here.
You now have 60 gold pieces (gained 11).
c - 3 potions of might (gained 1)
You open the door.
There is an open door here.
You now have 69 gold pieces (gained 9).
Sigmund the Dreaded comes into view.
He is wielding a +3 scythe of venom.
Sigmund is nearby!
Sigmund is nearby!
Sigmund hits you from afar with a +3 scythe of venom!
You are lethally poisoned!
You feel very sick.
You feel very mighty all of a sudden.
You feel very sick.
Sigmund hits you with a +3 scythe of venom.
* * * LOW HITPOINT WARNING * * *
You are more poisoned.
You bludgeon Sigmund!!
Sigmund is severely wounded.
* * * LOW HITPOINT WARNING * * *
You feel extremely sick.
Sigmund screams, "Don't try to resist!"
Sigmund drinks a potion.
Sigmund's spells are empowered!
Unknown command.
You closely miss Sigmund. You tail-slap Sigmund.
Sigmund is severely wounded.
You die...

....#
###.#
#####
#...#
#.#.###
#.#...#
#.##..#
#.##..#
#.##..#
####..####
#@@......#
#.######.#
#. # ##


You could see Sigmund (empowered).

Vanquished Creatures
  An adder (D:2)
  A dart slug (D:1)
  3 ball pythons
  2 bats (D:1)
  3 endoplasms (D:1)
  A goblin (D:1)
  2 hobgoblins (D:1)
  2 jackals (D:2)
  3 kobolds (D:1)
  2 frilled lizards (D:1)
  2 rats (D:1)
22 creatures vanquished.

Notes
Turn   | Place    | Note
-------+----------+-------------------------------------------
     0 | D:1      | siradein the Draconian Fighter began the quest for the Orb.
     0 | D:1      | Reached XP level 1. HP: 19/19 MP: 1/1
   331 | D:1      | Reached XP level 2. HP: 26/26 MP: 2/2
   792 | D:2      | Reached XP level 3. HP: 31/33 MP: 1/3
   890 | D:2      | Found Leolecs's Antique Weapon Shop.
  1078 | D:2      | Noticed Sigmund
  1083 | D:2      | Succumbed to Sigmund's poison

Illustrated notes

Levels and vault maps discovered:
D:1:      dpeg_arrival_yet_another_circle, layout_rooms
D:2:      layout_basic, serial_shops, shop, chequers_mini_garden,
          bh_walls_and_bars, uniq_natasha, uniq_sigmund

Skill      XL: |  1  2 |
---------------+-------+-----
Dodging        | 3 |  3.0
Fighting       | |  3.7
Maces & Flails | |  2.5
Shields        | |  3.3

Action                   || total
-------------------------++-------
Melee: Flail             ||    64
       Tailslap          ||    10
  Use: Potion            ||     1
Armor: Skin              ||    27
Dodge: Dodged            ||    30
Block: Buckler           ||    24

Table legend: (Time is in decaauts)
 A = Elapsed time spent in this place.
 B = Non-inter-level travel time spent in this place.
 C = Inter-level travel time spent in this place.
 D = Time resting spent in this place.
 E = Time spent auto-exploring this place.
 F = Levels seen in this place.
 G = Mean time per level.
                   A        B        C        D        E       F      G
               +--------+--------+--------+--------+--------+-----+--------+
         Total |   1102 |   1098 |      4 |      0 |    902 |   2 |  551.0 |
       Dungeon |   1102 |   1098 |      4 |      0 |    902 |   2 |  551.0 |
               +--------+--------+--------+--------+--------+-----+--------+

Top non-repeatable levels by time:
     D:1: 790 daAuts
     D:2: 312 daAuts
